 Dungeon Crawl Stone Soup version 0.18-a0-116-g2d311b1 (webtiles) character file.

74 Proton the Skirmisher (level 4, -1/42 HPs)
             Began as a Naga Fighter on Nov 17, 2015.
             Killed from afar by a hobgoblin (7 damage)
             ... with a wand of flame
             ... on level 3 of the Dungeon.
             The game lasted 00:03:21 (1342 turns).

Proton the Skirmisher (Naga Fighter)                Turns: 1342, Time: 00:03:21

Health: -1/42      AC:  6    Str: 20    XL:     4   Next: 30%
Magic:  4/4        EV:  6    Int:  8    God:
Gold:   78         SH:  9    Dex: 10    Spells: 0 memorised, 3 levels left

rFire  . . .     SeeInvis +     a - +0 long sword
rCold  . . .     Clarity  .     b - +0 scale mail
rNeg   . . .     SustAt   .     c - +0 shield
rPois  +         Gourm    .     u - +0 helmet
rElec  .         Spirit   .     (no cloak)
rCorr  .         Warding  .     (no gloves)
rMut   .         Stasis   +     (no barding)
MR     .....                    h - amulet of stasis
Stlth  ..........               (no ring)
                                (no ring)

@: very slow, not resistant to hostile enchantments, extremely unstealthy
A: see invisible, deformed body, poison resistance, slowness 2, slow metabolism
1, spit poison 2, AC +1
a: Spit Poison


You were on level 3 of the Dungeon.
You were very hungry.

You visited 1 branch of the dungeon, and saw 3 of its levels.

You collected 78 gold pieces.

Inventory:

Hand Weapons
 a - a +0 long sword (weapon)
Missiles
 k - 4 javelins (quivered)
Armour
 b - a +0 scale mail (worn)
 c - a +0 shield (worn)
 u - a +0 helmet (worn)
Jewellery
 h - an amulet of stasis (around neck)
Scrolls
 g - 3 scrolls of remove curse {unknown}
 i - a scroll of recharging {unknown}
 n - 2 scrolls of identify {unknown}
 q - a scroll of fog {unknown}
 r - a scroll of teleportation {unknown}
 s - a scroll of enchant armour {unknown}
Potions
 d - a potion of might
 j - a potion of degeneration {unknown}
 l - a potion of poison {unknown}
 o - a potion of curing {unknown}
 t - a potion of invisibility {unknown}
Comestibles
 e - a bread ration
 f - 2 fruits
 m - 2 meat rations
 p - a slice of pizza


   Skills:
 + Level 3.4 Fighting
 + Level 2.4 Long Blades
 + Level 2.8 Armour
 + Level 1.0 Dodging
 + Level 3.0 Shields


You had 3 spell levels left.
You didn't know any spells.

Dungeon Overview and Level Annotations

Branches:
Dungeon (3/15)

Altars:
Nemelex Xobeh
Trog


Innate Abilities, Weirdness & Mutations

You cannot wear boots.
Your serpentine skin is tough (AC +1).
You have supernaturally acute eyesight.
Armour fits poorly on your strangely shaped body.
Your system is resistant to poisons.
You cover ground very slowly.
You have a slow metabolism.
You can spit poison.


Message History

You are too injured to fight recklessly!
You are too injured to fight recklessly!
You are too injured to fight recklessly!
You are too injured to fight recklessly!
You are too injured to fight recklessly!
You are too injured to fight recklessly!
You are too injured to fight recklessly!
You are too injured to fight recklessly!
You are too injured to fight recklessly!
You are too injured to fight recklessly!
You are too injured to fight recklessly!
You are too injured to fight recklessly!
You are too injured to fight recklessly!
You are too injured to fight recklessly!
You are too injured to fight recklessly!
You are too injured to fight recklessly!
The hobgoblin zaps a wand.
The puff of flame hits you!
* * * LOW HITPOINT WARNING * * *
The hobgoblin zaps a wand.
The puff of flame hits you!
You die...

....#####
#............
#...........#
#...........#
#........[..# #
............#.#
..#.........#.#
....g.......?.#
#..@.(..###
......#####.#
..#.. #.# ...
#)# #.. #.# #.#
#######)#
.[.##.†.....#
#.##.#######
#.##........


You could see a hobgoblin.

Vanquished Creatures
  Robin (D:3)
  2 adders
  An ooze (D:1)
  A worm (D:2)
  2 giant geckos
  2 giant cockroaches
  4 hobgoblins
  4 kobolds
  2 quokkas (D:2)
  2 bats
  4 giant newts
  10 goblins
  5 rats
40 creatures vanquished.

Notes
Turn   | Place    | Note
--------------------------------------------------------------
     0 | D:1      | Proton the Naga Fighter began the quest for the Orb.
     0 | D:1      | Reached XP level 1. HP: 21/21 MP: 1/1
   111 | D:1      | Reached XP level 2. HP: 20/28 MP: 2/2
   609 | D:2      | Reached XP level 3. HP: 34/34 MP: 3/3
   627 | D:2      | Found a sparkling altar of Nemelex Xobeh.
   773 | D:2      | Found a faded altar to an unknown god.
   816 | D:2      | Became a worshipper of Trog the Wrathful
   816 | D:2      | Reached * piety under Trog
   816 | D:2      | Fell from the grace of Trog
  1289 | D:3      | Noticed Robin
  1309 | D:3      | Killed Robin
  1309 | D:3      | Reached skill level 1 in Dodging
  1309 | D:3      | Reached XP level 4. HP: 29/42 MP: 4/4
  1342 | D:3      | Killed from afar by a hobgoblin

Vault maps used:
D:1:      scummos_arrival_simple_crosswalls, serial_park_tiny_pond
D:2:      lemuel_crystal_altar, serial_corexii_hall,
          corexii_hall_statues_deadend, corexii_hall_statues_t,
          ecumenical_altar_1
D:3:      vehumet_altar_wand_db, first_bread, grunt_gozag_breadcrumbs,
          uniq_robin

Action                   |  1- 3 |  4- 6 || total
-------------------------+-------+-------++-------
Melee: Long sword        |   143 |    11 ||   154
Invok: Renounce Religion |     1 |       ||     1
 Abil: Spit Poison       |     3 |       ||     3
